 Dungeon Crawl Stone Soup version 0.30.1-4-g462c640d31 (webtiles) character file.

Game seed: 3994956479426658562

42 Zeor the Shooter (level 3, -6/18 HPs)
             Began as a Vine Stalker Hunter on Sept 12, 2023.
             Killed by nerve-wracking pain
             ... invoked by Grinder
              (10 damage)
             ... on level 3 of the Dungeon.
             The game lasted 00:03:21 (1263 turns).

Zeor the Shooter (Vine Stalker Hunter)              Turns: 1263, Time: 00:03:22

Health: -6/18      AC:  4    Str: 13    XL:     3   Next: 56%
Magic:  0/4        EV: 12    Int:  9    God:
Gold:   81         SH:  0    Dex: 19    Spells: 2/2 levels left

rFire   . . .        a - +0 shortbow
rCold   . . .        (shield currently unavailable)
rNeg    . . .        c - +1 leather armour
rPois   .            (no helmet)
rElec   .            (no cloak)
rCorr   .            (no gloves)
SInv    .            (no boots)
Will    .....        (no amulet)
Stlth   ++           (no ring)
HPRegen 0.23/turn    (no ring)
MPRegen 0.09/turn

%: guardian spirit
@: attractive
A: fangs 2, magic shield, antimagic bite, no potion heal 2
a: no special abilities


You were on level 3 of the Dungeon.
You visited 1 branch of the dungeon, and saw 3 of its levels.

You collected 81 gold pieces.

Inventory:

Hand Weapons
 a - a +0 shortbow (weapon)
 b - a +0 short sword
Armour
 c - a +1 leather armour (worn)
Scrolls
 d - a scroll of immolation
 g - a scroll of enchant armour
Potions
 e - a potion of curing
 i - a potion of mutation {unknown}
 j - a potion of cancellation {unknown}


   Skills:
 + Level 2.1 Fighting
 + Level 4.3 Ranged Weapons
 + Level 0.2 Armour
 * Level 1.9 Dodging
 + Level 1.6 Stealth


You had 2 spell levels left.
You didn't know any spells.
Your spell library contained the following spells:

 Spells                   Type           Power      Damage    Failure   Level
 Ensorcelled Hibernation  Hex/Ice        0%         N/A       61%         2
 Spider Form              Tmut/Pois      0%         N/A       83%         3
 Anguish                  Hex/Necr       0%         N/A       99%         4
 Animate Dead             Necr           0%         N/A       99%         4
 Borgnjor's Vile Clutch   Necr/Erth      0%         N/A       100%        5
 Death Channel            Necr           0%         N/A       100%        6


Dungeon Overview and Level Annotations

Branches:
Dungeon (3/15)

Altars:

Annotations:
D:3 Grinder


Innate Abilities, Weirdness & Mutations

You have extremely sharp teeth.
When hurt, damage is shared between your health and your magic reserves.
Your bite disrupts and absorbs the magic of your enemies.
Potions cannot restore your health.


Message History

You shoot an arrow.
The arrow hits the kobold but does no damage.
The kobold shouts!
The kobold misses you.
You shoot an arrow. The arrow hits the kobold.
You kill the kobold!
j - an amethyst potion A kobold comes into view.
It is wielding a +0 dagger.
The kobold shouts!
You shoot an arrow. The arrow barely misses the kobold.
You shoot an arrow. The arrow hits the kobold.
The kobold is moderately wounded.
A hobgoblin comes into view.
Grinder comes into view.
The hobgoblin moves out of view.
You shoot an arrow.
Grinder shouts!
The arrow hits the kobold.
You kill the kobold!
You hear a shout!
You shoot an arrow. The arrow barely misses Grinder.
Grinder gestures at you. Pain shoots through your body!
Ouch! That really hurt!
You are too injured to fight recklessly!
Unknown command.
It was a potion of attraction.
You feel attractive to monsters. Grinder gestures at you.
You barely resist. Grinder is attracted toward you.
The hobgoblin is attracted toward you.
You are too injured to fight recklessly!
Grinder attacks as you move away! Grinder hits you.
* * * LOW HITPOINT WARNING * * *
You writhe in agony.
* * * LOW HITPOINT WARNING * * *
It was a potion of heal wounds.
That seemed strangely inert.
Grinder gestures at you. Pain shoots through your body!
Ouch! That really hurt!
You die...

▒∙∙∙∙∙∙∙▒ ▒∙∙∙∙∙∙∙▒
▒∙∙∙∙∙∙∙▒ ▒∙∙∙∙∙∙∙▒
▒∙▒▒▒▒▒▒▒▒▒∙∙▒▒▒▒
▒▒∙∙∙∙∙∙∙▒▒▒∙∙▒
∙∙∙∙#∙∙∙g∙∙∙∙∙▒
▒▒∙∙▒▒▒▒5▒▒▒∙▒▒▒▒▒▒▒
▒ ▒∙f∙)∙∙∙∙∙∙∙∙
▒▒▒▒▒∙▒▒▒▒▒▒∙ ▒∙▒
▒∙▒ ▒∙▒ ▒∙▒ ∙∙∙ ∙∙∙


You could see Grinder and a hobgoblin.

Vanquished Creatures
  2 worms (D:3)
  2 dart slugs
  2 ball pythons
  3 endoplasms
  A giant cockroach (D:2)
  2 goblins
  A hobgoblin (D:1)
  2 quokkas
  3 bats
  5 frilled lizards
  6 kobolds
  4 rats
33 creatures vanquished.

Notes
Turn   | Place    | Note
-------+----------+-------------------------------------------
     0 | D:1      | Zeor the Vine Stalker Hunter began the quest for the Orb.
     0 | D:1      | Reached XP level 1. HP: 11/11 MP: 2/2
    95 | D:1      | Reached XP level 2. HP: 15/15 MP: 3/3
   171 | D:1      | Reached skill level 4 in Ranged Weapons
   760 | D:2      | Reached XP level 3. HP: 18/18 MP: 4/4
   762 | D:2      | Found a faded altar of an unknown god.
  1257 | D:3      | Noticed Grinder
  1263 | D:3      | Killed from afar by Grinder

Illustrated notes

Levels and vault maps discovered:
D:1:      sevenhm_arrival_forest_fort_small_3, layout_loops_ring
D:2:      layout_basic, hellmonk_ecumenical_altar_run_dry, interstate_on_off
D:3:      layout_loops_ring, serial_shops, nicolae_shop_pleasant_corner_grove,
          minmay_snake_closets, uniq_grinder, uniq_sigmund

Skill      XL: |  1  2  3 |
---------------+----------+-----
Ranged Weapons | 4 |  4.3
Fighting       | 2 |  2.1
Armour         | |  0.2
Dodging        | |  1.9
Stealth        | |  1.6

Action                     || total
---------------------------++-------
   Fire: Shortbow          ||    66
    Use: Scroll            ||     6
         Potion            ||     2
  Dodge: Dodged            ||     6
